 Dungeon Crawl Stone Soup version 0.28-a0-872-g80cf8599ee (webtiles) character file.

Game seed: 8306292183698458525

17 Crownlay the Digger (level 2, -1/15 HPs)
             Began as a Gargoyle Earth Elementalist on Nov 20, 2021.
             Slain by a giant cockroach (2 damage)
             ... on level 1 of the Dungeon.
             The game lasted 00:00:48 (458 turns).

Crownlay the Digger (Gargoyle Earth Elementalist)    Turns: 458, Time: 00:00:49

Health: -1/15      AC:  4    Str: 11    XL:     2   Next: 62%
Magic:  4/5        EV: 11    Int: 15    God:
Gold:   20         SH:  0    Dex: 10    Spells: 5/6 levels left

rFire   . . .      SeeInvis .   d - +0 club
rCold   . . .      Faith    .   (no shield)
rNeg    + . .      Spirit   .   b - +0 robe
rPois   ∞          Reflect  .   (no helmet)
rElec   +          Harm     .   (no cloak)
rCorr   .          Rampage  .   (no gloves)
Will    .....                   (no boots)
Stlth   ++........              (no amulet)
HPRegen 0.05/turn               (no ring)
MPRegen 0.09/turn               (no ring)

@: no status effects
A: sickness immunity, AC +2, negative energy resistance 1, electricity
resistance, torment resistance 1, petrification resistance
a: no special abilities


You were on level 1 of the Dungeon.
You visited 1 branch of the dungeon, and saw 1 of its levels.

You collected 20 gold pieces.

Inventory:

Hand Weapons
 d - a +0 club (weapon)
Missiles
 c - 21 stones
Armour
 b - a +0 robe (worn)
Scrolls
 a - a scroll of enchant armour {unknown}


   Skills:
 - Level 1.5 Dodging
 - Level 2.1 Stealth
 * Level 2.7 Spellcasting
 - Level 0.7 Transmutations
 + Level 4.0 Earth Magic


You had 5 spell levels left.
You knew the following spells:

 Your Spells              Type           Power      Damage    Failure   Level
a - Sandblast             Erth           28%        2d8       4%          1

Your spell library contained the following spells:

 Spells                   Type           Power      Damage    Failure   Level
 Passwall                 Tmut/Erth      7%         N/A       12%         2
 Stone Arrow              Conj/Erth      16%        3d8       26%         3
 Petrify                  Tmut/Erth      9%         N/A       61%         4


Dungeon Overview and Level Annotations

Branches:
Dungeon (1/15)

Altars:

Shops:
D:1 *


Innate Abilities, Weirdness & Mutations

You are immune to sickness and miasma.
Your stone body is resilient. (AC +2)
You are immune to poison.
You resist negative energy. (rN+)
You are resistant to electric shocks. (rElec)
You are resistant to unholy torment.
You are immune to petrification.


Message History

You hit the hobgoblin but do no damage. The hobgoblin hits you.
The bat hits you but does no damage.
A dart slug comes into view.
The hobgoblin hits you.
You hit the bat.
The bat is heavily wounded.
The bat misses you. The hobgoblin hits you.
You hit the bat.
You kill the bat!
The hobgoblin hits you. The kobold hits you with a +0 club.
* * * LOW HITPOINT WARNING * * *
Your Earth Magic skill increases to level 4!
You are too injured to fight recklessly!
You are too injured to fight recklessly!
The hobgoblin closely misses you. The giant cockroach misses you.
You hit the hobgoblin.
The hobgoblin is moderately wounded.
The hobgoblin completely misses you. The hobgoblin hits you.
* * * LOW HITPOINT WARNING * * *
Casting: Sandblast (safe; 4% risk of failure)
Confirm with . or Enter, or press ? or * to list all spells.
Aiming: Sandblast (safe; 4% risk of failure)
Press: ? - help, Shift-Dir - straight line, f - hobgoblin
Aim: a hobgoblin (moderately wounded, 79% to hit)
The blast of sand hits the hobgoblin!
You kill the hobgoblin!
You hit the giant cockroach but do no damage.
The giant cockroach bites you but does no damage.
You closely miss the giant cockroach. The giant cockroach misses you.
The hobgoblin closely misses you. The giant cockroach closely misses you.
The hobgoblin hits you.
* * * LOW HITPOINT WARNING * * *
The hobgoblin closely misses you.
Things that are here:
a jackal skeleton; a jackal skeleton You hit the giant cockroach.
The giant cockroach is heavily wounded.
The giant cockroach bites you.
You die...

### #.#..# ..###
##.#.##
#.(.########..#.# .#
.............##.# .#
. ####.....#####..#
#.# ..
#..[#.#.......##
..#.# #.###.#####..##
#....# .# #.# #.#
#...########...# .#
#.# #.#
##...@BJ.##...# #.#
#.# #.#
#.#####K...#######.##
..# #.# #.#
#...##.w....#.8.∩ .##
#..
#.##..#.K............
# ###
#.#..#..#............
..#....##...........w
#...### #....).>.....
... #............ ...
#.÷..........


You could see a dart slug, an endoplasm, a giant cockroach and a kobold.

Vanquished Creatures
  A dart slug (D:1)
  A giant cockroach (D:1)
  A goblin (D:1)
  A hobgoblin (D:1)
  4 jackals (D:1)
  2 kobolds (D:1)
  2 bats (D:1)
12 creatures vanquished.

Notes
Turn   | Place    | Note
-------+----------+-------------------------------------------
     0 | D:1      | Crownlay the Gargoyle Earth Elementalist began the quest
                  | for the Orb.
     0 | D:1      | Reached XP level 1. HP: 10/10 MP: 3/3
   167 | D:1      | Reached XP level 2. HP: 15/15 MP: 0/5
   375 | D:1      | Found Kadwig's General Store.
   436 | D:1      | Reached skill level 4 in Earth Magic
   458 | D:1      | Slain by a giant cockroach

Illustrated notes

Levels and vault maps discovered:
D:1:      mainiacjoe_arrival_reflecting_pool, layout_rooms, serial_shops,
          shop_statue, shop, shop, nicolae_shop_crystal, shop

Skill      XL: |  1  2 |
---------------+-------+-----
Earth Magic    | 4 |  4.0
Dodging        | |  1.5
Stealth        | |  2.1
Spellcasting   | |  2.7
Transmutations | |  0.7

Action                   || total
-------------------------++-------
Melee: Club              ||    19
 Cast: Sandblast         ||    12
Armor: Robe              ||     8
Dodge: Dodged            ||    24

Table legend: (Time is in decaauts)
 A = Elapsed time spent in this place.
 B = Non-inter-level travel time spent in this place.
 C = Inter-level travel time spent in this place.
 D = Time resting spent in this place.
 E = Time spent auto-exploring this place.
 F = Levels seen in this place.
 G = Mean time per level.
                   A        B        C        D        E       F      G
               +--------+--------+--------+--------+--------+-----+--------+
         Total |    462 |    462 |      0 |      0 |    365 |   1 |  462.0 |
       Dungeon |    462 |    462 |      0 |      0 |    365 |   1 |  462.0 |
               +--------+--------+--------+--------+--------+-----+--------+

Top non-repeatable levels by time:
     D:1: 462 daAuts
